General information
- name: BNet
- type: Ladder team game (AT/RT)
- host: Battle.net
- saver: GrackII
map: Deadlock
- players: 8
- length: 28:03
- speed: Fast
- version: 1.26 W3XP
- replay type: Public
» download(161 KB)
Players
team 1 (loser)

»
Kum_2_soon (
green | 53 APM | 1278 actions | 24:04)
5 Blademaster
2 Wind Walk
3 Critical Strike
» actions
| Assign group hotkey | 16 | |
| Build / train | 90 | |
| ESC pressed | 1 | |
| Enter build submenu | 18 | |
| Enter hero's abilities submenu | 5 | |
| Give item / drop item | 2 | |
| Remove unit from queue | 3 | |
| Right click | 341 | |
| Select / deselect | 244 | |
| Select group hotkey | 431 | |
| Use ability | 127 | |
1278 total
» units
| Peon | 20 | |
| Grunt | 2 | |
| Troll Headhunter/Berserker | 1 | |
| Shaman | 5 | |
| Raider | 8 | |
| Troll Witch Doctor | 4 | |
| Troll Batrider | 16 | |
| Wind Rider | 2 | |
58 total
» upgrades
| Armor | 3 | |
| Melee Weapons | 3 | |
| Berserker Strength | 1 | |
| Ensnare | 1 | |
| Shaman Training | 2 | |
| Liquid Fire | 1 | |
| Witch Doctor Training | 2 | |
13 total
» buildings
| Orc Burrow | 6 | |
| Altar of Storms | 1 | |
| Voodoo Lounge | 1 | |
| War Mill | 1 | |
| Barracks | 1 | |
| Watch Tower | 1 | |
| Stronghold | 1 | |
| Beastiary | 2 | |
| Spirit Lodge | 2 | |
| Great Hall | 2 | |
| Fortress | 1 | |
19 total
» build order
00:11 Orc Burrow
00:23 Altar of Storms
01:04 Voodoo Lounge
01:24 War Mill
02:11 Orc Burrow
02:17 Barracks
03:10 Watch Tower
04:30 Stronghold
06:57 Beastiary
06:59 Beastiary
07:40 Spirit Lodge
07:41 Spirit Lodge
07:58 Great Hall
08:20 Orc Burrow
08:27 Orc Burrow
09:20 Fortress
09:23 Orc Burrow
14:40 Orc Burrow
16:44 Great Hall
» items
| Healing Salve | 3 | |
| Scroll of Speed | 1 | |
| Circlet of Nobility | 1 | |
| Boots of Speed | 1 | |
| Orb of Lightning | 1 | |
| Scroll of Regeneration | 1 | |
8 total
GrackII (
teal | 66 APM | 1854 actions | 28:03)
6 Archmage
3 Summon Water Elemental
2 Brilliance Aura
1 Mass Teleport
» actions
| Assign group hotkey | 173 | |
| Basic commands | 107 | |
| Build / train | 114 | |
| Enter build submenu | 38 | |
| Enter hero's abilities submenu | 6 | |
| Give item / drop item | 1 | |
| Right click | 681 | |
| Select / deselect | 359 | |
| Select group hotkey | 260 | |
| Use ability | 115 | |
1854 total
» units
| Peasant | 25 | |
| Footman | 8 | |
| Gryphon Rider | 12 | |
45 total
» upgrades
| Masonry | 3 | |
| Swords | 3 | |
| Lumber Harvesting | 2 | |
| Animal War Training | 1 | |
| Armor | 3 | |
| Storm Hammers | 1 | |
| Backpack | 1 | |
| Cloud | 1 | |
| Gunpowder | 3 | |
| Plating | 3 | |
| Barrage | 1 | |
| Flak Cannons | 1 | |
| Flying Machine Bombs | 1 | |
| Fragmentation Shards | 1 | |
| Flare | 1 | |
26 total
» buildings
| Altar of Kings | 1 | |
| Barracks | 1 | |
| Farm | 11 | |
| Scout Tower | 18 | |
| Keep | 3 | |
| Arcane Tower | 2 | |
| Lumber Mill | 1 | |
| Town Hall | 2 | |
| Castle | 1 | |
| Blacksmith | 1 | |
| Guard Tower | 26 | |
| Gryphon Aviary | 2 | |
| Arcane Vault | 1 | |
| Workshop | 2 | |
72 total
» build order
00:03 Altar of Kings
00:08 Barracks
00:10 Farm
01:05 Farm
01:54 Farm
02:33 Farm
03:14 Scout Tower
03:35 Keep
03:35 Keep
03:41 Arcane Tower
03:42 Arcane Tower
04:01 Lumber Mill
05:36 Town Hall
05:57 Castle
06:14 Blacksmith
06:25 Scout Tower
07:54 Guard Tower
08:26 Gryphon Aviary
08:55 Gryphon Aviary
09:07 Scout Tower
09:08 Scout Tower
09:11 Scout Tower
09:44 Guard Tower
09:44 Guard Tower
10:49 Arcane Vault
11:22 Farm
11:24 Farm
12:40 Town Hall
13:17 Farm
13:20 Farm
13:26 Scout Tower
13:32 Scout Tower
14:35 Guard Tower
14:36 Guard Tower
14:39 Guard Tower
14:39 Guard Tower
14:43 Scout Tower
14:45 Scout Tower
15:06 Farm
15:07 Farm
15:36 Guard Tower
15:37 Guard Tower
15:37 Guard Tower
15:42 Scout Tower
15:43 Scout Tower
15:44 Scout Tower
15:48 Scout Tower
15:51 Scout Tower
15:52 Scout Tower
16:33 Guard Tower
16:35 Guard Tower
16:44 Guard Tower
17:59 Guard Tower
18:03 Farm
22:18 Scout Tower
22:19 Scout Tower
22:20 Scout Tower
22:55 Guard Tower
22:56 Guard Tower
23:23 Workshop
23:24 Workshop
26:54 Guard Tower
» items
| Staff of Teleportation | 1 | |
| Orb of Fire | 1 | |
2 total
GrapeGrape (
purple | 42 APM | 1044 actions | 24:58)
7 Mountain King
3 Storm Bolt
3 Bash
1 Avatar
» actions
| Assign group hotkey | 21 | |
| Build / train | 72 | |
| Enter build submenu | 28 | |
| Enter hero's abilities submenu | 7 | |
| Remove unit from queue | 2 | |
| Right click | 483 | |
| Select / deselect | 248 | |
| Select group hotkey | 132 | |
| Use ability | 51 | |
1044 total
» units
| Peasant | 9 | |
| Rifleman | 14 | |
| Mortar Team | 8 | |
| Sorceress | 9 | |
| Priest | 1 | |
41 total
» upgrades
| Gunpowder | 2 | |
| Masonry | 1 | |
| Armor | 2 | |
| Lumber Harvesting | 1 | |
| Long Rifles | 1 | |
| Flare | 1 | |
| Fragmentation Shards | 1 | |
| Sorceress Training | 2 | |
11 total
» buildings
| Altar of Kings | 1 | |
| Blacksmith | 1 | |
| Farm | 9 | |
| Barracks | 2 | |
| Scout Tower | 3 | |
| Arcane Tower | 1 | |
| Arcane Vault | 1 | |
| Keep | 2 | |
| Lumber Mill | 1 | |
| Guard Tower | 1 | |
| Workshop | 1 | |
| Arcane Sanctum | 1 | |
| Town Hall | 3 | |
| Castle | 1 | |
28 total
» build order
00:20 Altar of Kings
00:25 Blacksmith
00:36 Farm
01:34 Barracks
01:38 Farm
01:52 Scout Tower
02:19 Arcane Tower
02:35 Arcane Vault
03:18 Farm
03:21 Farm
04:26 Keep
04:32 Lumber Mill
04:36 Scout Tower
04:38 Scout Tower
05:39 Guard Tower
05:47 Farm
05:51 Farm
06:50 Workshop
07:08 Arcane Sanctum
08:39 Farm
08:40 Farm
10:40 Town Hall
11:12 Castle
12:20 Farm
15:54 Town Hall
22:48 Keep
22:51 Barracks
23:22 Town Hall
» items
| Boots of Speed | 1 | |
| Scroll of Regeneration | 2 | |
| Scroll of Town Portal | 1 | |
| Lesser Clarity Potion | 1 | |
| Potion of Healing | 1 | |
6 total

»
1_AM_ONLY_HUMAN (
pink | 46 APM | 1187 actions | 25:34)
5 Demon Hunter
2 Mana Burn
3 Immolation
4 Priestess of the Moon
2 Searing Arrows
2 Trueshot Aura
» actions
| Assign group hotkey | 7 | |
| Build / train | 62 | |
| ESC pressed | 2 | |
| Enter build submenu | 18 | |
| Enter hero's abilities submenu | 9 | |
| Right click | 784 | |
| Select / deselect | 247 | |
| Select group hotkey | 2 | |
| Use ability | 56 | |
1187 total
» units
| Wisp | 19 | |
| Huntress | 5 | |
| Dryad | 2 | |
| Druid of the Claw | 8 | |
34 total
» upgrades
| Strength of the Wild | 3 | |
| Reinforced Hides | 3 | |
| Abolish Magic | 1 | |
| Druid of the Claw Training | 2 | |
| Mark of the Claw | 1 | |
| Well Spring | 1 | |
11 total
» buildings
| Moon Well | 6 | |
| Altar of Elders | 1 | |
| Ancient of War | 2 | |
| Hunter's Hall | 1 | |
| Ancient of Wonders | 1 | |
| Ancient Protector | 1 | |
| Tree of Ages | 1 | |
| Tree of Life | 1 | |
| Ancient of Lore | 3 | |
| Tree of Eternity | 1 | |
18 total
» build order
00:11 Moon Well
00:42 Altar of Elders
00:59 Ancient of War
01:56 Hunter's Hall
02:06 Moon Well
03:35 Ancient of War
03:46 Ancient of Wonders
04:00 Moon Well
04:10 Ancient Protector
04:41 Tree of Ages
05:11 Moon Well
06:22 Tree of Life
07:11 Moon Well
08:21 Ancient of Lore
08:40 Ancient of Lore
08:47 Ancient of Lore
11:17 Tree of Eternity
11:26 Moon Well
» items
| Orb of Venom | 1 | |
| Scroll of Town Portal | 1 | |
| Potion of Healing | 1 | |
3 total
team 2 (winner)
EvolutionIsaLie (
orange | 36 APM | 713 actions | 19:37)
5 Tauren Chieftain
3 Endurance Aura
2 War Stomp
» actions
| Assign group hotkey | 25 | |
| Basic commands | 65 | |
| Build / train | 63 | |
| ESC pressed | 2 | |
| Enter build submenu | 18 | |
| Enter hero's abilities submenu | 5 | |
| Right click | 201 | |
| Select / deselect | 151 | |
| Select group hotkey | 140 | |
| Use ability | 43 | |
713 total
» units
| Peon | 16 | |
| Troll Headhunter/Berserker | 4 | |
| Wind Rider | 8 | |
| Shaman | 5 | |
33 total
» upgrades
| Ranged Weapons | 4 | |
| Reinforced Defenses | 1 | |
| Berserker Upgrade | 1 | |
| Envenomed Spears | 1 | |
| Armor | 2 | |
| Shaman Training | 2 | |
| Troll Regeneration | 1 | |
12 total
» buildings
| Orc Burrow | 6 | |
| Altar of Storms | 1 | |
| War Mill | 1 | |
| Barracks | 2 | |
| Stronghold | 1 | |
| Voodoo Lounge | 1 | |
| Watch Tower | 6 | |
| Fortress | 1 | |
| Great Hall | 1 | |
| Beastiary | 2 | |
| Spirit Lodge | 2 | |
24 total
» build order
00:24 Orc Burrow
00:32 Altar of Storms
01:21 War Mill
02:07 Orc Burrow
03:09 Barracks
03:16 Barracks
03:46 Orc Burrow
04:09 Stronghold
05:11 Voodoo Lounge
06:28 Watch Tower
06:31 Fortress
07:23 Great Hall
07:41 Watch Tower
07:42 Watch Tower
07:44 Watch Tower
07:45 Watch Tower
07:57 Beastiary
08:09 Beastiary
08:41 Watch Tower
09:12 Orc Burrow
09:27 Orc Burrow
10:28 Orc Burrow
10:46 Spirit Lodge
10:49 Spirit Lodge
» items
| Potion of Lesser Invulnerability | 1 | |
| Periapt of Vitality | 1 | |
| Circlet of Nobility | 1 | |
| Orb of Fire | 1 | |
| Scroll of Regeneration | 1 | |
| Scroll of Town Portal | 2 | |
| Healing Salve | 1 | |
| Potion of Healing | 1 | |
| Rod of Necromancy | 1 | |
10 total
BEAR.AND. (
yellow | 54 APM | 1509 actions | 28:03)
8 Mountain King
3 Storm Bolt
3 Bash
1 Avatar
1 Thunder Clap
» actions
| Assign group hotkey | 34 | |
| Basic commands | 6 | |
| Build / train | 97 | |
| Enter build submenu | 21 | |
| Enter hero's abilities submenu | 8 | |
| Give item / drop item | 3 | |
| Remove unit from queue | 1 | |
| Right click | 561 | |
| Select / deselect | 205 | |
| Select group hotkey | 485 | |
| Use ability | 88 | |
1509 total
» units
| Peasant | 21 | |
| Footman | 6 | |
| Gryphon Rider | 10 | |
37 total
» upgrades
| Masonry | 3 | |
| Lumber Harvesting | 2 | |
| Swords | 2 | |
| Armor | 2 | |
| Storm Hammers | 1 | |
| Animal War Training | 1 | |
11 total
» buildings
| Altar of Kings | 1 | |
| Barracks | 1 | |
| Farm | 14 | |
| Scout Tower | 30 | |
| Arcane Tower | 2 | |
| Arcane Vault | 1 | |
| Town Hall | 2 | |
| Lumber Mill | 1 | |
| Keep | 1 | |
| Guard Tower | 18 | |
| Blacksmith | 1 | |
| Castle | 2 | |
| Gryphon Aviary | 3 | |
77 total
» build order
00:09 Altar of Kings
00:19 Barracks
00:37 Farm
00:53 Farm
01:42 Farm
01:49 Scout Tower
02:26 Arcane Tower
02:32 Farm
02:53 Arcane Vault
04:02 Town Hall
04:05 Scout Tower
04:05 Scout Tower
04:22 Lumber Mill
05:03 Keep
05:32 Guard Tower
06:00 Blacksmith
06:10 Guard Tower
06:41 Scout Tower
06:42 Scout Tower
06:42 Scout Tower
06:44 Scout Tower
06:46 Scout Tower
06:46 Scout Tower
06:48 Scout Tower
06:48 Scout Tower
06:49 Scout Tower
06:50 Scout Tower
07:25 Guard Tower
07:36 Castle
07:36 Castle
07:45 Guard Tower
07:45 Guard Tower
07:49 Gryphon Aviary
08:14 Guard Tower
08:17 Gryphon Aviary
08:18 Gryphon Aviary
08:21 Farm
08:21 Farm
08:22 Farm
08:23 Farm
08:23 Farm
08:33 Farm
08:33 Farm
08:33 Farm
08:34 Farm
09:12 Guard Tower
09:12 Guard Tower
12:09 Scout Tower
12:09 Scout Tower
12:09 Scout Tower
12:10 Scout Tower
12:46 Guard Tower
13:44 Guard Tower
16:38 Town Hall
18:43 Scout Tower
18:43 Scout Tower
18:43 Scout Tower
18:44 Scout Tower
18:45 Scout Tower
18:45 Scout Tower
18:45 Scout Tower
18:46 Scout Tower
19:55 Guard Tower
19:55 Guard Tower
20:16 Guard Tower
20:59 Guard Tower
20:59 Guard Tower
21:03 Scout Tower
21:03 Scout Tower
21:34 Guard Tower
» items
| Scroll of Regeneration | 6 | |
| Orb of Lightning | 1 | |
| Scroll of Town Portal | 5 | |
| Potion of Mana | 1 | |
| Potion of Lesser Invulnerability | 1 | |
14 total

»
out2McDonalds (
red | 16 APM | 436 actions | 28:03)
1 Shadow Hunter
1 Healing Wave
» actions
| Assign group hotkey | 12 | |
| Basic commands | 19 | |
| Build / train | 11 | |
| ESC pressed | 1 | |
| Enter hero's abilities submenu | 2 | |
| Give item / drop item | 1 | |
| Remove unit from queue | 3 | |
| Right click | 186 | |
| Select / deselect | 129 | |
| Select group hotkey | 61 | |
| Use ability | 11 | |
436 total
» units
» upgrades
» items
| Scroll of Town Portal | 1 | |
| Potion of Healing | 1 | |
2 total

»
CanadianBatyin (
blue | 31 APM | 869 actions | 27:42)
2 Death Knight
1 Death Coil
1 Unholy Aura
3 Lich
1 Frost Armor
1 Dark Ritual
1 Frost Nova
1 Tauren Chieftain
1 Reincarnation
» actions
| Assign group hotkey | 4 | |
| Basic commands | 14 | |
| Build / train | 73 | |
| ESC pressed | 1 | |
| Enter build submenu | 20 | |
| Enter hero's abilities submenu | 6 | |
| Remove unit from queue | 2 | |
| Right click | 424 | |
| Select / deselect | 272 | |
| Select group hotkey | 14 | |
| Use ability | 39 | |
869 total
» units
| Acolyte | 6 | |
| Ghoul | 14 | |
| Crypt Fiend | 8 | |
| Frost Wyrm | 9 | |
| Wind Rider | 13 | |
50 total
» upgrades
| Creature Attack | 3 | |
| Creature Carapace | 2 | |
| Web | 1 | |
6 total
» buildings
| Altar of Darkness | 1 | |
| Ziggurat | 10 | |
| Crypt | 2 | |
| Nerubian Tower | 1 | |
| Graveyard | 1 | |
| Tomb of Relics | 1 | |
| Spirit Tower | 3 | |
| Halls of the Dead | 1 | |
| Black Citadel | 1 | |
| Sacrificial Pit | 1 | |
| Boneyard | 1 | |
23 total
» build order
00:07 Altar of Darkness
00:11 Ziggurat
00:17 Crypt
01:09 Nerubian Tower
01:36 Ziggurat
02:35 Graveyard
03:13 Tomb of Relics
03:41 Ziggurat
04:09 Spirit Tower
04:50 Ziggurat
06:27 Spirit Tower
07:05 Halls of the Dead
09:13 Ziggurat
09:16 Ziggurat
09:31 Black Citadel
10:59 Spirit Tower
11:30 Sacrificial Pit
12:25 Boneyard
16:57 Ziggurat
17:01 Ziggurat
17:06 Ziggurat
17:15 Ziggurat
19:15 Crypt
Chat log
(00:06 / All) Kum_2_soon: hey
(00:11 / Allies) GrapeGrape: rif/mort/sorc
(00:20 / Allies) Kum_2_soon: hope you guys dont suck
(00:34 / Allies) Kum_2_soon: ima rape their expo
(02:37 / Allies) 1_AM_ONLY_HUMAN: we doing cc?
(02:40 / Allies) Kum_2_soon: yah
(02:43 / Allies) 1_AM_ONLY_HUMAN: k
(08:13 / Allies) GrackII: wood please
(08:50 / Allies) GrackII: thanks
(08:53 / Allies) Kum_2_soon: gold plz teal
(08:57 / Allies) Kum_2_soon: expo purp plz
(09:03 / Allies) Kum_2_soon: ty
(09:59 / Allies) GrackII: wood please
(10:54 / Allies) GrackII: wood. I am making gryphons
(11:26 / Allies) GrapeGrape: shop teal..?
(11:35 / Allies) GrapeGrape: lets hit top
(11:37 / Allies) GrackII: you niggers aren't giving me wood to do anything
(11:49 / Allies) GrapeGrape: get your own wood jesus
(11:57 / Allies) Kum_2_soon: exp[o dude
(14:13 / Allies) Kum_2_soon: back guys
(14:16 / Allies) 1_AM_ONLY_HUMAN: out
(14:28 / Allies) Kum_2_soon: hero aim
(14:30 / Allies) Kum_2_soon: damn it
(15:03 / Allies) 1_AM_ONLY_HUMAN: they have too much air my melee got destroyed
(15:36 / Allies) 1_AM_ONLY_HUMAN: they're going to counter
(15:40 / Allies) 1_AM_ONLY_HUMAN: mass units
(15:56 / Allies) Kum_2_soon: ty
(16:08 / Allies) 1_AM_ONLY_HUMAN: np
(16:22 / Allies) GrapeGrape: here
(16:40 / Allies) GrapeGrape: come
(16:51 / Allies) Kum_2_soon: tp
(17:37 / All) Kum_2_soon: that's it ?
(17:59 / All) Kum_2_soon: teal not even there
(18:01 / All) Kum_2_soon: lol
(18:08 / Allies) Kum_2_soon: slow down plz
(19:54 / Allies) GrackII: this will teach you niggers not to give me wood
(19:59 / All) Kum_2_soon: lol
(20:06 / Allies) 1_AM_ONLY_HUMAN: okay...
(20:22 / Allies) 1_AM_ONLY_HUMAN: you're an idiot
(20:33 / Allies) GrackII: cool
(20:54 / All) Kum_2_soon: damn hero aim again
(20:56 / All) Kum_2_soon: gay
(21:45 / Allies) GrapeGrape: teal you mad bro?
(21:50 / Allies) GrackII: not really, no
(21:59 / Allies) GrackII: are you mad that you are going to lose?
(22:06 / Allies) GrapeGrape: nah not really
(22:10 / Allies) GrackII: ah, i see
(23:19 / All) Kum_2_soon: teal
(23:24 / All) Kum_2_soon: i have you wood
(23:26 / All) Kum_2_soon: remember ?
(23:27 / Allies) GrackII: stfu
(23:28 / Allies) GrackII: too late
(23:35 / All) GrackII: you gave me 100
(23:39 / All) GrackII: and purp gave me 100
(23:41 / All) Kum_2_soon: 200
(23:50 / All) GrackII: you greedy motherfuckers told me to get my own when you had 400 in the bank each
(23:55 / All) Kum_2_soon: teal has mental problem
(23:56 / All) Kum_2_soon: hhahaa
(24:02 / All) GrackII: huehuehue!
(24:02 / All) Kum_2_soon: that kid need to get laid
(24:03 / All) Kum_2_soon: lol
(24:22 / All) GrackII: raped
(25:07 / All) GrackII: get the fuck out, pink
(25:09 / All) GrackII: your dumbass lost
(25:20 / All) 1_AM_ONLY_HUMAN: your dumbass lost us teh game faggot
(25:26 / All) 1_AM_ONLY_HUMAN: i hoipe you rot in hell
(25:26 / All) CanadianBatyin: u lose pink
(25:27 / All) GrackII: I never said you could speak
(25:30 / All) BEAR.AND.: pink i raped ur army
(25:31 / All) BEAR.AND.: leave
(25:32 / All) BEAR.AND.: noob
(25:35 / All) BEAR.AND.: u had no chance
(26:00 / All) CanadianBatyin: i guess im next?
(26:05 / All) BEAR.AND.: uh
(26:08 / All) BEAR.AND.: let me stats u
(26:09 / All) CanadianBatyin: its up to you guys
(26:24 / All) CanadianBatyin: im not that great, i could use the win
(26:38 / All) CanadianBatyin: if you wanna kill me ill just do ti with oj
(26:48 / All) BEAR.AND.: uh
(26:53 / All) CanadianBatyin: up to
(26:56 / All) CanadianBatyin: u
(27:07 / All) BEAR.AND.: if u leave blue u get a tie, u have my word, since i want his team to lose
(27:22 / All) BEAR.AND.: a tie means its like the game was never played
(27:35 / All) CanadianBatyin: ok
(27:37 / All) CanadianBatyin: cool
(27:53 / All) GrackII: red is still here